 Dungeon Crawl Stone Soup version 0.22-a0-858-g985ef60 (webtiles) character file.

2 mhoghedin the Magician (level 1, 0/10 HPs)
             Began as a Kobold Wizard on July 27, 2018.
             Slain by a frilled lizard (3 damage)
             ... on level 1 of the Dungeon.
             The game lasted 00:00:48 (122 turns).

mhoghedin the Magician (Kobold Wizard)               Turns: 122, Time: 00:00:49

Health: 0/10       AC:  2    Str:  4    XL:     1   Next: 33%
Magic:  2/4        EV: 15    Int: 19    God:
Gold:   0          SH:  0    Dex: 13    Spells: 5/6 levels left

rFire    . . .     SeeInvis .   (weapon restricted)
rCold    . . .     Gourm    .   (shield restricted)
rNeg     . . .     Faith    .   a - +0 robe
rPois    .         Spirit   .   b - +0 hat
rElec    .         Reflect  .   (no cloak)
rCorr    .         Harm     .   (no gloves)
MR       .....                  (no boots)
Stlth    ++........             (no amulet)
HPRegen  0.03/turn              (no ring)
MPRegen  0.09/turn              (no ring)

@: very slightly contaminated
A: small, carnivore
a: no special abilities


You were on level 1 of the Dungeon.
You were not hungry.

You visited 1 branch of the dungeon, and saw 1 of its levels.

Inventory:

Hand Weapons
 e - a +0 dagger
   (You took it off a goblin on level 1 of the Dungeon)
Armour
 a - a +0 robe (worn)
 b - a +0 hat (worn)
Scrolls
 c - a scroll of fear {unknown}
Comestibles
 d - a ration


   Skills:
 + Level 0.2 Fighting
 + Level 2.5 Dodging
 + Level 2.8 Stealth
 - Level 3.2 Spellcasting
 - Level 1.0 Conjurations
   Level 1.0 Summonings
   Level 1.0 Translocations


You had 5 spell levels left.
You knew the following spells:

 Your Spells              Type           Power        Failure   Level  Hunger
a - Magic Dart            Conj           #...         10%         1    None

Your spell library contained the following spells:

 Spells                   Type           Power        Failure   Level  Hunger
 Conjure Flame            Conj/Fire      #.......     36%         3    ###....
 Slow                     Hex            #.......     22%         2    ##.....
 Mephitic Cloud           Conj/Pois/Air  #.......     36%         3    ###....
 Blink                    Tloc           N/A          16%         2    ##.....
 Call Imp                 Summ           #.......     16%         2    ##.....


Dungeon Overview and Level Annotations

Branches:
Dungeon (1/15)

Altars:


Innate Abilities, Weirdness & Mutations

You are small and have problems with some larger weapons.
You are carnivorous and can eat meat at any time.


Message History

Welcome, mhoghedin the Kobold Wizard.
The bosom of this dungeon contains the fabled artefact, the Orb of Zot.
Found a scroll labeled KONGABBYHOIRAU.
Found a staircase leading out of the dungeon.
There are no items here.
Unknown command.
Unknown command.
The jackal barks!
The frilled lizard hisses angrily.
Found a stone staircase leading down.
c - a scroll labeled KONGABBYHOIRAU A goblin comes into view.
It is wielding a dagger.
Aim: a goblin, wielding a dagger (resting)
You miscast Magic Dart.
You are very lightly contaminated with residual magic.
Strange energies run through your body.
You now have 3/4 mp.
Aim: a goblin, wielding a dagger (resting)
The magic dart hits the goblin.
The goblin shouts!
You now have 2/4 mp.
Aim: a goblin, wielding a dagger (severely wounded)
The magic dart hits the goblin.
You kill the goblin!
A bat comes into view.
A rat comes into view.
The bat moves out of view.
You now have 1/4 mp.
A rat and a goblin come into view.
You see here 21 sling bullets.
The goblin shouts!
You see here 21 sling bullets.
You hit the rat. The rat closely misses you.
You hit the rat but do no damage. The rat misses you.
You hit the rat but do no damage.
The rat twitches its whiskers.
The rat barely misses you.
You barely miss the rat. The rat misses you.
You hit the rat. The rat misses you.
You barely miss the rat. The rat closely misses you.
You closely miss the rat. The rat bites you.
You take 1 damage, and have 9/10 hp.
You hit the rat but do no damage. The rat completely misses you.
You hit the rat but do no damage. The rat bites you.
You take 1 damage, and have 8/10 hp.
You barely miss the rat. The rat closely misses you.
You hit the rat.
You kill the rat!
The bat hits you but does no damage. The bat misses you.
Things that are here:
21 sling bullets; a rat corpse The bat closely misses you.
The bat hits you. The bat misses you.
Your magical contamination has completely faded away.
You take 1 damage, and have 7/10 hp.
You hit the bat but do no damage. The bat misses you.
The bat barely misses you.
You hit the bat but do no damage. The bat hits you.
You take 1 damage, and have 6/10 hp.
You closely miss the bat. The bat misses you.
Aim: a bat You miscast Magic Dart.
You are very lightly contaminated with residual magic.
Strange energies run through your body. The bat barely misses you.
You now have 2/4 mp.
Aim: a bat The magic dart hits the bat.
The bat barely misses you. The bat completely misses you.
You now have 1/4 mp.
Aim: a bat (severely wounded)
You miscast Magic Dart.
You feel a strange surge of energy! The bat barely misses you.
You now have 0/4 mp.
You barely miss the bat. The bat misses you. The bat barely misses you.
The bat hits you but does no damage.
You barely miss the bat. The bat hits you but does no damage.
The bat closely misses you. The bat hits you.
You take 1 damage, and have 6/10 hp.
The bat hits you but does no damage.
You barely miss the frilled lizard. The bat hits you.
The frilled lizard barely misses you. The bat hits you.
You take 2 damage, and have 4/10 hp.
The frilled lizard misses you. The bat closely misses you.
The frilled lizard barely misses you. The bat barely misses you.
The bat misses you. The bat hits you.
* * * LOW HITPOINT WARNING * * *
You take 1 damage, and have 3/10 hp.
The bat completely misses you. The bat hits you but does no damage.
The bat closely misses you. The bat misses you. The bat closely misses you.
The bat closely misses you. The bat barely misses you.
The bat closely misses you.
You see here a dagger.
e - a dagger The bat barely misses you.
The frilled lizard bites you.
You die...

#.# ## .#.# ##.........
##### #.#.# #........$.
#######.#.# #..........
...####.#.# #...)......
###.###.#.# #..........
..##.##.#.# #..........
##.##.#.#.####....(.....
.##.##..#...(.?.@.......
#.##.#....######l.....#.
##.#.##..## #...#..#
.#.#..#..# #gb....#
.#.##<#g.#######...##.#
.##.###.##.rgb.r$..# #
.8#.8##....####.....#
###.##.......##.....#
...####..###.##.....).#


You could see a goblin, a bat, a frilled lizard and a rat.

Vanquished Creatures
  A goblin (D:1)
  A rat (D:1)
2 creatures vanquished.

Notes
Turn   | Place    | Note
-------+----------+-------------------------------------------
     0 | D:1      | mhoghedin the Kobold Wizard began the quest for the Orb.
     0 | D:1      | Reached XP level 1. HP: 10/10 MP: 4/4
   122 | D:1      | Slain by a frilled lizard

Vault maps used:
D:1:      nagdon_arrival_double_spiral

Action                   || total
-------------------------++-------
Melee: Unarmed           ||    17
 Cast: Magic Dart        ||     3
Armor: Robe              ||     5
Dodge: Dodged            ||    35

Table legend:
 A = Spawn XP
 B = Non-spawn XP
 C = Spawn XP percentage of total XP
 D = Spawn monster count
 E = Non-spawn monster count
 F = Spawn count percentage of total count
 G = Total turns spent on level
                    A         B        C        D         E        F      G
               +---------+---------+-------+---------+---------+-------+---------
         Total |       0 |       3 |   0.0 |       0 |       2 |   0.0 |   122
               +---------+---------+-------+---------+---------+-------+---------
           D:1 |       0 |       3 |   0.0 |       0 |       2 |   0.0 |   122
               +---------+---------+-------+---------+---------+-------+---------

Vault maps used:
D:1:      nagdon_arrival_double_spiral

Table legend:
 A = Turns spent in this place as a percentage of turns spent in the entire game.
 B = Non-inter-level travel turns spent in this place as a percentage of non-inter-level travel turns spent in the entire game.
 C = Inter-level travel turns spent in this place as a percentage of turns spent in this place.
 D = Turns resting spent in this place as a percentage of non-inter-level travel turns spent in this place.
 E = Turns spent auto-exploring this place as a percentage of non-inter-level travel turns spent in this place.
 F = Non-inter-level travel turns spent in this place divided by the number of levels of this place that you've seen.
                   A       B       C       D       E      F
               +-------+-------+-------+-------+-------+----------------------
         Total | 100.0 | 100.0 |   0.0 |   0.0 |  53.3 | 122.0
       Dungeon | 100.0 | 100.0 |   0.0 |   0.0 |  53.3 | 122.0
               +-------+-------+-------+-------+-------+----------------------

Table legend:
 A = Kills in this place as a percentage of kills in entire the game.
 B = Kills by you in this place as a percentage of kills by you in the entire game.
 C = Kills by friends in this place as a percentage of kills by friends in the entire game.
 D = Other kills in this place as a percentage of other kills in the entire game.
 E = Experience gained in this place as a percentage of experience gained in the entire game.
 F = Experience gained in this place divided by the number of levels of this place that you have seen.
                   A       B       C       D       E      F
               +-------+-------+-------+-------+-------+----------------------
         Total | 100.0 | 100.0 |   N/A |   N/A | 100.0 |   3.0
       Dungeon | 100.0 | 100.0 |   N/A |   N/A | 100.0 |   3.0
               +-------+-------+-------+-------+-------+----------------------
